 Dungeon Crawl Stone Soup version 0.19.4-9-g45fd643 (webtiles) character file.

31 doot the Conjurer (level 3, 0/19 HPs)
             Began as a Tengu Conjurer on Feb 19, 2017.
             Succumbed to an adder's poison
             ... on level 1 of the Dungeon.
             The game lasted 00:02:52 (842 turns).

doot the Conjurer (Tengu Conjurer)                   Turns: 842, Time: 00:02:53

Health: 0/19       AC:  2    Str:  8    XL:     3   Next: 22%
Magic:  0/7        EV: 13    Int: 16    God:
Gold:   33         SH:  0    Dex: 14    Spells: 2 memorised, 3 levels left

rFire  . . .     SeeInvis .     e - +0 dagger
rCold  . . .     Gourm    .     a - +0 robe
rNeg   . . .     Faith    .     (no shield)
rPois  .         Spirit   .     (helmet restricted)
rElec  .         Reflect  .     (no cloak)
rCorr  .         Harm     .     (no gloves)
MR     .....                    (boots unavailable)
Stlth  ++........               (no amulet)
                                (no ring)
                                (no ring)

@: lethally poisoned (0 -> -6)
A: beak, talons 3
a: no special abilities


You were on level 1 of the Dungeon.
You were hungry.

You visited 1 branch of the dungeon, and saw 1 of its levels.

You collected 33 gold pieces.

Inventory:

Hand Weapons
 e - a +0 dagger (weapon)
Armour
 a - a +0 robe (worn)
Scrolls
 d - a scroll of amnesia {unknown}
 g - 2 scrolls of identify {unknown}
Books
 b - a book of Conjurations

   Spells                             Type                      Level
   a - Magic Dart                     Conjuration                  1
   b - Searing Ray                    Conjuration                  2
   c - Dazzling Spray                 Conjuration/Hexes            3
   d - Fulminant Prism                Conjuration/Hexes            4
   e - Iskenderun's Mystic Blast      Conjuration                  4
   f - Iskenderun's Battlesphere      Conjuration/Charms           5
Comestibles
 c - 2 bread rations
 f - a meat ration


   Skills:
 + Level 0.2 Short Blades
 + Level 2.3 Dodging
 + Level 2.0 Stealth
 + Level 2.2 Spellcasting
 * Level 6.2 Conjurations


You had 3 spell levels left.
You knew the following spells:

 Your Spells              Type           Power        Failure   Level  Hunger
a - Magic Dart            Conj           ###.         1%          1    #......
b - Searing Ray           Conj           ###...       2%          2    ###....


Dungeon Overview and Level Annotations

Branches:
Dungeon (1/15)

Altars:


Innate Abilities, Weirdness & Mutations

You have a beak for a mouth.
You have claws for feet.


Message History

The adder barely misses you.
You hit the adder but do no damage. Your kick misses the adder.
The adder is almost dead.
The adder bites you.
* * * LOW HITPOINT WARNING * * *
You are more poisoned.
The adder poisons you! The adder closely misses you.
You aren't carrying any potions.
Casting: Magic Dart
Confirm with . or Enter, or press ? or * to list all spells.
Aiming: Magic Dart
Press: ? - help, Shift-Dir - straight line, f/p - adder
Aim: an adder (almost dead)
The magic dart hits the adder.
You kill the adder!
You have reached level 3!
Your experience leads to an increase in your attributes!
Increase (S)trength, (I)ntelligence, or (D)exterity?
You feel clever.
You die...

..##..###### #.# ### #....#.####
......# #.# #......#### ).....#
###.# ##...#.##.. ..##..# #...#
#...#.##.# ..##..# ####.#######
#...#.##.# ..##..###..........#
#...#.....
..##..#.#.....#.##.#####...#.##.#
.###..#.......#.#................
.# #..#.........@................
.###..#.......#.#................
......#.#.....#.##.#####...#.####
......###..........# #...#.....
......# ####.####### #..)######
####### #.# #...# .#.#
#.###########...#### ...####
#..........#.......# ......####
#..##.#.##.........#


There were no monsters in sight!

Vanquished Creatures
  An adder (D:1)
  A dart slug (D:1)
  A ball python (D:1)
  3 bats (D:1)
  A giant cockroach (D:1)
  3 goblins (D:1)
  4 hobgoblins (D:1)
  2 kobolds (D:1)
  A frilled lizard (D:1)
  3 rats (D:1)
20 creatures vanquished.

Notes
Turn   | Place    | Note
-------+----------+-------------------------------------------
     0 | D:1      | doot the Tengu Conjurer began the quest for the Orb.
     0 | D:1      | Reached XP level 1. HP: 10/10 MP: 4/4
   124 | D:1      | Reached XP level 2. HP: 11/15 MP: 0/6
   196 | D:1      | Learned a level 2 spell: Searing Ray
   479 | D:1      | Reached skill level 6 in Conjurations
   842 | D:1      | Reached XP level 3. HP: 1/19 MP: 0/7
   842 | D:1      | Succumbed to an adder's poison

Skill      XL: |  1  2 |
---------------+-------+-----
Conjurations   | 6 |  6.2
Short Blades   | |  0.2
Dodging        | |  2.3
Stealth        | |  2.0
Spellcasting   | |  2.2

Action                   || total
-------------------------++-------
Melee: Dagger            ||    12
       Unarmed           ||     4
       Kick              ||     3
       Peck              ||     3
 Cast: Magic Dart        ||    30
       Searing Ray       ||     4
Armor: Robe              ||     2
Dodge: Dodged            ||    19
